AoeStats
← Negro Raymundo

Oasis

509782905Analyzed
3v3 RM · 6d ago on Sep 28, 2026· 42m 28s· 6 players
Game mode
Random Map
Map size
Normal (6 player)
Population
200
Speed
Normal
Resources
Standard
Victory
Conquest
Starting age
Dark Age
Ending age
Imperial Age
RankedLock teamsTeams togetherTeam positionsShared explorationLock speedFull tech treeHidden civsTurbo modeCheats
Victory
Defeat
🇨🇴 Sicilians · Colombia
1844
+6
🇦🇷 Muisca · Argentina
1770
+9
🇨🇴 Britons · Colombia
1710
+10
🇨🇴 Portuguese · Colombia
1617
-9
🇲🇽 Dravidians · Mexico
1588
-8
🇲🇽 Bohemians · Mexico
1586
-8
Negro Raymundo
7:07 Loom
8:53 Feudal Age
11:11 Double-Bit Axe
14:15 Castle Age
14:23 Horse Collar
15:43 Town Watch
18:30 Heavy Plow
21:29 Wheelbarrow
22:00 Bow Saw
25:43 Crossbowman
26:14 Fletching
29:20 Imperial Age
26:52 Padded Archer Armor
27:06 Bodkin Arrow
27:07 Gold Mining
28:02 Hand Cart
28:40 Ballistics
29:45 Leather Archer Armor
29:27 Arbalester
31:24 Chemistry
31:08 Bracer
32:43 Ring Archer Armor
34:41 Yeomen
34:57 Conscription
35:50 Two-Man Saw
37:03 Murder Holes
38:37 Warwolf
40:05 Siege Engineers
42:11 Forging
41:53 Heated Shot
42:17 Fervor
41:29 Pikeman
41:29 Man-at-Arms
41:32 Heavy Mounted Crossbowman
41:33 Cranequins
41:33 Elite Skirmisher
42:28 Town Patrol
41:53 Elite Longbowman
42:38 Scale Mail Armor
42:43 Scale Barding Armor
42:21 Treadmill Crane
42:51 Masonry
NuMa | Toth
6:41 Loom
8:58 Feudal Age
9:39 Double-Bit Axe
14:03 Horse Collar
17:59 Wheelbarrow
21:54 Castle Age
21:44 Town Watch
23:25 Bow Saw
23:16 Heavy Plow
23:32 Hand Cart
27:35 Gold Mining
30:00 Scale Mail Armor
30:58 Fletching
36:08 Imperial Age
33:48 Scale Barding Armor
34:37 Gold Shaft Mining
33:53 Stone Mining
34:15 Forging
35:16 Bloodlines
35:06 Husbandry
35:28 Chain Barding Armor
36:57 Hauberk
36:15 Cavalier
37:54 Plate Barding Armor
37:47 Conscription
38:49 Iron Casting
41:26 Blast Furnace
42:12 Caravan
Magio | Voy Pocker
6:56 Loom
12:40 Feudal Age
17:42 Castle Age
16:02 Double-Bit Axe
16:57 Horse Collar
17:35 Town Watch
18:25 Wheelbarrow
20:01 Bow Saw
24:08 Redemption
33:09 Imperial Age
31:59 Hand Cart
32:11 Sanctity
32:02 Fervor
32:34 Masonry
32:28 Fletching
32:38 Padded Archer Armor
32:42 Heavy Plow
33:28 Scale Mail Armor
33:39 Forging
34:17 Block Printing
34:43 Chain Mail Armor
35:12 Squires
35:48 Iron Casting
34:41 Champi Runner
37:17 Illumination
36:30 Elite Temple Guard
36:34 Champi Warrior
37:45 Capped Ram
39:38 Theocracy
40:19 Plate Mail Armor
39:12 Elite Champi Warrior
hK | triunFo
6:40 Loom
6:50 Loom
9:53 Feudal Age
20:51 Castle Age
19:00 Double-Bit Axe
18:58 Horse Collar
24:06 Bow Saw
32:07 Wheelbarrow
33:40 Hand Cart
33:40 Hand Cart
34:31 Heavy Plow
38:37 Imperial Age
36:01 Fletching
36:12 Padded Archer Armor
40:23 Chemistry
40:15 Houfnice
hK | Santo
11:48 Feudal Age
10:09 Loom
11:54 Feudal Age
12:59 Double-Bit Axe
13:11 Horse Collar
15:58 Castle Age
14:32 Stone Mining
17:29 Bow Saw
18:00 Wheelbarrow
18:44 Heavy Plow
21:05 Gold Mining
26:45 Circumnavigation
27:45 Hand Cart
30:21 Imperial Age
29:42 Stone Shaft Mining
29:31 Treadmill Crane
30:11 Ballistics
32:14 Crop Rotation
33:54 Chemistry
34:41 Conscription
35:40 Arquebus
36:05 Fletching
36:04 Light Cavalry
38:14 Bloodlines
38:40 Circumnavigation
39:15 Husbandry
39:45 Padded Archer Armor
40:27 Scale Barding Armor
40:32 Forging
41:34 Chain Barding Armor
42:38 Iron Casting
42:39 Plate Barding Armor
kazumakine
6:40 Loom
7:29 Loom
9:44 Feudal Age
9:49 Man-at-Arms
12:38 Double-Bit Axe
12:39 Town Watch
14:20 Fletching
17:16 Wheelbarrow
21:10 Castle Age
20:05 Padded Archer Armor
20:53 Horse Collar
21:14 Crossbowman
21:51 Bodkin Arrow
21:38 Pikeman
22:29 Forging
23:02 Gold Mining
24:04 Bow Saw
26:08 Leather Archer Armor
31:04 Ballistics
35:40 Imperial Age
35:49 Arbalester
36:34 Bracer
37:57 Chemistry
38:31 Halberdier
39:13 Scale Mail Armor
Connection lost

Rejoining the realm…

Still unreachable

The connection could not be restored.

Session expired

The server has moved on; the page needs a fresh start.